 Dungeon Crawl Stone Soup version 0.30.1-4-g462c640d31 (webtiles) character file.

Game seed: 6824859200168578086

6232 croobank the Chucker (level 10, -13/92 HPs)
             Began as an Armataur Monk on Aug 25, 2023.
             Was a High Priest of Okawaru.
             Engulfed by a steam dragon's steam (14 damage)
             ... on level 9 of the Dungeon on Aug 26, 2023.
             The game lasted 00:43:10 (10371 turns).

croobank the Chucker (Armataur Monk)               Turns: 10371, Time: 00:43:10

Health: -13/92     AC:  6    Str: 23    XL:     10   Next: 62%
Magic:  12/12      EV: 17    Int: 13    God:    Okawaru [*****.]
Gold:   485        SH: 12    Dex: 14    Spells: 8/12 levels left

rFire   . . .        g - +0 hand axe (elec)
rCold   . . .        K - +2 buckler
rNeg    . . .        b - +1 robe
rPois   .            f - +0 helmet
rElec   .            (no cloak)
rCorr   .            (no gloves)
SInv    .            (no barding)
Will    .....        o - amulet of reflection
Stlth   +            e - +6 ring of strength
HPRegen 0.35/turn    n - +5 ring of evasion
MPRegen 0.13/turn

%: reflection, roll
@: no status effects
A: large, rugged brown scales 3, deformed body, armoured tail, roll, long
tongue, awkward tongue
a: Renounce Religion, Heroism, Finesse, Duel


You were on level 9 of the Dungeon.
You worshipped Okawaru.
Okawaru was extremely pleased with you.
You visited 1 branch of the dungeon, and saw 9 of its levels.
You also visited: Ossuary.

You collected 485 gold pieces.

Inventory:

Hand Weapons
 a - a +1 short sword of venom
 g - a +0 hand axe of electrocution (weapon)
 l - a +0 dagger of holy wrath
 p - a +2 quarterstaff of chaos
 H - a +4 great sword
 L - a +0 scimitar
 O - a +4 halberd
 P - a +3 spear
Missiles
 z - 21 poisoned darts (quivered)
 M - 2 boomerangs
 N - a javelin
 S - 3 atropa-tipped darts
 T - 2 silver javelins
Armour
 b - a +1 robe (worn)
 d - an orb of light
 f - a +0 helmet (worn)
 s - a +0 kite shield
 B - a +0 robe of willpower
 G - +0 steam dragon scales
 J - a +2 robe of cold resistance
 K - a +2 buckler (worn)
 Q - a +0 cloak of preservation
 R - a scarf of harm
Jewellery
 e - a +6 ring of strength (left hand)
 i - a ring of ice
 n - a +5 ring of evasion (right hand)
 o - an amulet of reflection (around neck)
 y - an amulet of magic regeneration
 D - a +6 ring of dexterity
 U - a +6 ring of intelligence
Wands
 k - a wand of polymorph (14)
 w - a wand of flame (12)
 A - a wand of iceblast (10)
Scrolls
 m - a scroll of poison
 q - 3 scrolls of teleportation
 r - 3 scrolls of fear
 I - a scroll of amnesia
Potions
 c - 3 potions of ambrosia
 j - 3 potions of cancellation
 t - 2 potions of brilliance
 u - a potion of resistance
 v - 3 potions of curing {unknown}
 x - a potion of attraction {unknown}
 C - 2 potions of lignification {unknown}
 E - 2 potions of flight {unknown}
 F - 2 potions of magic {unknown}


   Skills:
 - Level 7.1 Fighting
 - Level 7.0 Short Blades
 - Level 7.2 Throwing
 - Level 5.9 Dodging
 - Level 6.0 Shields
 + Level 1.5 Spellcasting
 + Level 1.5 Necromancy
 - Level 1.6 Evocations


You had 8 spell levels left.
You knew the following spells:

 Your Spells              Type           Power      Damage    Failure   Level
a - Dispel Undead         Necr           5%         3d7       86%         4

Your spell library contained the following spells:

 Spells                   Type           Power      Damage    Failure   Level
 Sublimation of Blood     Necr           5%         N/A       26%         2
 Shock                    Conj/Air       4%         1d3       32%         1
 Sting                    Tmut/Pois      4%         1d3       32%         1
 Cigotuvi's Dreadful Rot  Necr/Pois/Air  4%         N/A       36%         2
 Poisonous Vapours        Pois/Air       2%         N/A       43%         2
 Scorch                   Fire           2%         2d5       43%         2
 Wereblood                Tmut           1%         N/A       43%         2
 Dazzling Flash           Conj/Hex       2%         N/A       67%         3
 Swiftness                Air            1%         N/A       67%         3
 Teleport Other           Tloc           1%         N/A       67%         3
 Volatile Blastmotes      Fire/Tloc      2%         2d10      67%         3
 Airstrike                Air            0%         2d(1-17)  97%         4
 Flame Wave               Conj/Fire      1%         2d4       97%         4
 Iskenderun's Mystic Bla  Conj/Tloc      1%         2d3       97%         4
 Olgreb's Toxic Radiance  Pois           1%         N/A       97%         4
 Starburst                Conj/Fire      0%         6d3       100%        6
 Disjunction              Tloc           0%         N/A       100%        8
 Summon Forest            Summ/Tloc      Unusable   N/A       N/A         5
 Death Channel            Necr           Unusable   N/A       N/A         6
 Summon Cactus Giant      Summ           Unusable   N/A       N/A         6
 Summon Hydra             Summ           Unusable   N/A       N/A         7

Dungeon Overview and Level Annotations

Branches:
Dungeon (9/15)             Temple (0/1) D:7         Ossuary (visited)
   Lair: D:8-11         Orc: D:9-12

Altars:
Dithmenos
Okawaru
Ru

Shops:
D:2 (

Annotations:
D:7 !skel warrior
D:8 !skel warriors, exclusion: downstairs


Innate Abilities, Weirdness & Mutations

You are completely covered in rugged brown scales. (AC +3, +7% HP)
Armour fits poorly on your strangely shaped body.
You have a long armoured tail.
You roll when moving toward enemies. (Rampage)
Your long tongue fully drains potion bottles. (2x potion effects)
Your tongue gives you trouble enunciating. (1.5x scroll delay)


Message History

You closely miss the steam dragon.
Your tail-slap misses the steam dragon.
The steam dragon is lightly wounded.
The steam dragon misses you. The steam dragon barely misses you.
You barely miss the steam dragon.
The steam dragon is lightly wounded.
The steam dragon bites you! You block the steam dragon's attack.
The steam dragon closely misses you. You block the steam dragon's attack.
You barely miss the steam dragon.
The steam dragon is lightly wounded.
You block the steam dragon's attack. x2
You closely miss the steam dragon.
The steam dragon is lightly wounded.
You block the steam dragon's attack. The steam dragon completely misses you.
You hit the steam dragon.
The steam dragon is moderately wounded.
You block the steam dragon's attack. The steam dragon closely misses you.
The steam dragon breathes steam at you. The ball of steam misses you.
You hit the steam dragon.
You tail-slap the steam dragon, but do no damage.
The steam dragon is moderately wounded.
You are engulfed in a cloud of scalding steam.
The steam dragon completely misses you.
The steam dragon claws you but does no damage.
You hit the steam dragon.
Your tail-slap misses the steam dragon.
The steam dragon is heavily wounded.
You block the steam dragon's attack.
The steam dragon claws you but does no damage.
You hit the steam dragon.
The steam dragon is severely wounded.
The steam dragon breathes steam at you. The ball of steam hits you!!
* * * LOW HITPOINT WARNING * * *
The steam dragon bites you.
* * * LOW HITPOINT WARNING * * *
The steam dragon closely misses you.
You hit the steam dragon but do no damage.
The steam dragon is severely wounded.
You are engulfed in a cloud of scalding steam.
You die...

.###.....## #.##.# .#
#.....# #.##.# .# #.##..#
#.##.# .###.##..# #.##.#
)........# #.##.######
.###.##...######.#.........
........#.......#...#######
.###)##. >## #ยง##.#
........ #@##.# .#######
#D##.# .# #..... .# ####.#
.# .. .# .# .# .#


You could see a steam dragon.

Vanquished Creatures
  Erolcha (D:9)
  A two-headed ogre (D:8)
  Maurice (D:9)
  Maggie (D:8)
  A wraith (D:9)
  A wyvern (D:8)
  2 steam dragons
  3 water moccasins
  4 orc warriors
  2 sky beasts (D:7)
  3 black bears
  An ogre (D:7)
  4 centaurs
  2 bullfrogs
  A gnoll sergeant (D:9)
  5 scorpions
  4 wights (D:7)
  4 killer bees (D:9)
  2 howler monkeys
  5 hounds
  2 jellies
  A human zombie (Ossuary)
  4 sleepcaps
  2 gnoll boudas
  4 orc priests
  Crazy Yiuf (D:7)
  3 iguanas
  Ijyb (D:4)
  Terence (D:2)
  Natasha (thrice) (D:4)
  3 orc wizards
  A hound zombie (Ossuary)
  4 mummies (Ossuary)
  22 gnolls
  9 adders
  3 shadow imps
  2 white imps
  An ufetubus (D:4)
  6 worms
  2 dart slugs
  20 orcs
  7 ball pythons
  2 endoplasms
  8 goblins
  6 hobgoblins
  3 jackals (D:3)
  9 kobolds
  A quokka (D:4)
  A bat (D:2)
  8 frilled lizards
  5 gnoll zombies (Ossuary)
  A goblin zombie (Ossuary)
  A hobgoblin zombie (Ossuary)
  A jackal zombie (Ossuary)
  A kobold zombie (Ossuary)
  6 rats
  A rat zombie (Ossuary)
204 creatures vanquished.

Vanquished Creatures (others)
  A sky beast (D:7)
  An orc wizard (D:6)
2 creatures vanquished.

Grand Total: 206 creatures vanquished

Notes
Turn   | Place    | Note
-------+----------+-------------------------------------------
     0 | D:1      | croobank the Armataur Monk began the quest for the Orb.
     0 | D:1      | Reached XP level 1. HP: 19/19 MP: 1/1
   300 | D:2      | Found Wayshraoj's Weapon Shoppe.
   314 | D:2      | Reached XP level 2. HP: 24/26 MP: 2/2
   368 | D:2      | Noticed Terence
   815 | D:2      | Reached XP level 3. HP: 20/33 MP: 3/3
  1150 | D:2      | Killed Terence
  1151 | D:2      | Reached XP level 4. HP: 38/40 MP: 4/4
  1333 | D:3      | Found an iron altar of Okawaru.
  1356 | D:3      | Became a worshipper of Warmaster Okawaru
  1356 | D:3      | Reached * piety under Okawaru
  1356 | D:3      | Reached ** piety under Okawaru
  1792 | D:3      | Reached XP level 5. HP: 27/49 MP: 5/5
  2205 | D:4      | Reached XP level 6. HP: 20/55 MP: 6/6
  2247 | D:4      | Noticed Ijyb
  2264 | D:4      | Killed Ijyb
  2473 | D:4      | Noticed Natasha
  2543 | D:4      | Found a sand-covered staircase.
  2552 | Ossuary  | Entered an ossuary
  3057 | D:4      | Reached *** piety under Okawaru
  3058 | D:4      | Reached XP level 7. HP: 52/64 MP: 7/7
  3297 | D:4      | Killed Natasha
  3324 | D:4      | Reached skill level 1 in Throwing
  3502 | D:4      | Noticed Natasha
  3509 | D:4      | Killed Natasha
  3610 | D:4      | Noticed Natasha
  3613 | D:4      | Killed Natasha
  3614 | D:4      | Reached skill level 5 in Fighting
  3656 | D:5      | Entered Level 5 of the Dungeon
  3705 | D:5      | Reached skill level 5 in Short Blades
  4086 | D:5      | Reached XP level 8. HP: 72/72 MP: 8/8
  4212 | D:5      | Reached **** piety under Okawaru
  5923 | D:7      | Reached skill level 5 in Throwing
  5923 | D:7      | Reached skill level 5 in Dodging
  5987 | D:7      | Found a runed translucent door.
  5988 | D:7      | Noticed Crazy Yiuf
  6048 | D:7      | Reached XP level 9. HP: 80/80 MP: 9/9
  6057 | D:7      | Found a staircase to the Ecumenical Temple.
  6363 | D:7      | Received a gift from Okawaru
  6553 | D:7      | Found a shadowy altar of Dithmenos.
  7144 | D:7      | Received a gift from Okawaru
  7675 | D:8      | Got Sif Muna's Elucidation of Shifting
  7990 | D:8      | Noticed a two-headed ogre
  7999 | D:8      | Killed a two-headed ogre
  7999 | D:8      | Received a gift from Okawaru
  8194 | D:8      | Reached XP level 10. HP: 92/92 MP: 10/10
  8206 | D:7      | Found a sacrificial altar of Ru.
  8234 | D:8      | Noticed Maggie
  8241 | D:8      | Killed Maggie
  8241 | D:8      | Reached ***** piety under Okawaru
  8242 | D:8      | Reached skill level 1 in Evocations
  8719 | D:8      | Noticed a skeletal warrior
  8720 | D:8      | Noticed a skeletal warrior
  8721 | D:8      | Noticed a skeletal warrior
  9045 | D:7      | Killed Crazy Yiuf
  9046 | D:7      | Reached skill level 1 in Shields
  9055 | D:7      | Learned a level 4 spell: Dispel Undead
  9277 | D:9      | Noticed Erolcha
  9868 | D:9      | Killed Erolcha
 10049 | D:9      | Noticed Maurice
 10063 | D:9      | Killed Maurice
 10064 | D:9      | Reached skill level 1 in Spellcasting
 10064 | D:9      | Reached skill level 1 in Necromancy
 10370 | D:9      | HP: 1/92 [steam dragon (6)]
 10371 | D:9      | Engulfed by a steam dragon's steam

Illustrated notes

Levels and vault maps discovered:
D:1:      nzn_arrival_depleted_hourglass, layout_rooms, minmay_misc_feat_pillars
D:2:      minmay_diamond_boxcup, layout_rooms, serial_shops, shop, uniq_terence
D:3:      layout_loops_ring, okawaru_metal_pillars_1_2, nicolae_grassy_gnolls
D:4:      layout_loops_ring, chequers_ossuary_entry_cave, nicolae_wormholes,
          uniq_ijyb, uniq_natasha
D:5:      layout_loops_ring, minmay_crystal_room,
          hangedman_abyss_or_decor_stagger, st_stairs_11
D:6:      layout_basic, serial_bayou_lagoon_a
D:7:      layout_rooms, mainiacjoe_overflow_small_starburst,
          nicolae_overflow_hidden_temple, minmay_temple_entry_ruins,
          serial_bayou_pond_d, uniq_crazy_yiuf_cottage
D:8:      layout_loops_ring, lemuel_flamethrower_2, uniq_maggie
D:9:      layout_loops_ring, minivault_27, uniq_erolcha, uniq_maurice

Skill      XL: |  1  2  3  4  5  6  7  8  9 10 |
---------------+-------------------------------+-----
Short Blades   | 3 4 5 6 7 |  7.0
Fighting       | 3 4 5 6 7 |  7.1
Dodging        | 3 4 5 |  5.9
Throwing       | 2 5 7 |  7.2
Evocations     | 1 |  1.6
Shields        | 6 |  6.0
Spellcasting   | 1 |  1.5
Necromancy     | 1 |  1.5

Action                     |  1- 3 |  4- 6 |  7- 9 | 10-12 || total
---------------------------+-------+-------+-------+-------++-------
  Melee: Short sword       |   136 |       |       |       ||   136
         Tailslap          |    17 |    27 |    46 |    17 ||   107
         Hand axe          |     1 |   175 |   288 |   125 ||   589
         Punch             |       |     2 |     3 |       ||     5
         Dagger            |       |       |       |     1 ||     1
  Throw: Throwing net      |       |       |     1 |       ||     1
         Dart              |       |       |     6 |     7 ||    13
         Javelin           |       |       |       |     2 ||     2
 Invoke: Heroism           |       |       |     2 |     2 ||     4
  Evoke: Wand              |       |       |     4 |    13 ||    17
    Use: Scroll            |     2 |     3 |    11 |     6 ||    22
         Potion            |     1 |     2 |     2 |     1 ||     6
   Stab: Sleeping          |     2 |     2 |     4 |       ||     8
         Invisible         |       |       |       |     1 ||     1
 Armour: Robe              |    49 |    35 |    67 |    10 ||   161
  Dodge: Dodged            |    65 |   139 |   250 |   106 ||   560
  Block: Other             |       |    10 |    65 |     2 ||    77
         Reflection        |       |       |     3 |     4 ||     7
         Buckler           |       |       |       |   105 ||   105
